General information
- name: BNet
- type: Ladder team game (AT/RT)
- host: Battle.net
- saver: HIGHPERCH
map: EmeraldShores
- players: 4
- length: 62:33
- speed: Fast
- version: 1.21 W3XP
- replay type:

» download(204 KB)
Players
team 1 (winner)
dirtmcwordup (
red | 57 APM | 740 actions | 13:02)
2 Blademaster
1 Wind Walk
1 Critical Strike
» actions
| Assign group hotkey | 1 | |
| Basic commands | 2 | |
| Build / train | 33 | |
| ESC pressed | 2 | |
| Enter build submenu | 41 | |
| Enter hero's abilities submenu | 2 | |
| Right click | 406 | |
| Select / deselect | 93 | |
| Select group hotkey | 94 | |
| Use ability | 66 | |
740 total
» units
» upgrades
» buildings
| Altar of Storms | 1 | |
| War Mill | 3 | |
| Orc Burrow | 2 | |
| Watch Tower | 30 | |
| Voodoo Lounge | 1 | |
| Stronghold | 1 | |
| Great Hall | 1 | |
| Beastiary | 2 | |
41 total
» build order
00:10 Altar of Storms
00:18 War Mill
00:32 Orc Burrow
01:32 Watch Tower
02:09 Watch Tower
02:27 Voodoo Lounge
02:37 Watch Tower
03:08 Watch Tower
03:23 Orc Burrow
04:32 Watch Tower
05:25 Watch Tower
05:26 Watch Tower
06:35 War Mill
07:14 Stronghold
08:14 Watch Tower
08:15 Watch Tower
08:15 Watch Tower
08:17 Watch Tower
08:19 Watch Tower
09:20 Watch Tower
09:24 Watch Tower
09:24 Watch Tower
09:26 Watch Tower
09:35 Watch Tower
09:58 Great Hall
10:24 Beastiary
10:25 Beastiary
10:32 Watch Tower
10:33 Watch Tower
10:43 Watch Tower
10:44 Watch Tower
10:45 Watch Tower
11:41 Watch Tower
11:41 Watch Tower
12:19 Watch Tower
12:21 Watch Tower
12:22 Watch Tower
12:44 Watch Tower
12:44 Watch Tower
12:51 Watch Tower
12:55 War Mill
» items
| Staff of Teleportation | 1 | |
| Boots of Speed | 1 | |
| Lesser Clarity Potion | 1 | |
| Healing Salve | 1 | |
| Scroll of Healing | 1 | |
5 total
HIGHPERCH (
pink | 80 APM | 5022 actions | 62:33)
10 Archmage
3 Blizzard
3 Brilliance Aura
1 Mass Teleport
3 Summon Water Elemental
8 Blademaster
2 Wind Walk
2 Critical Strike
1 Bladestorm
3 Mirror Image
» actions
| Assign group hotkey | 49 | |
| Basic commands | 7 | |
| Build / train | 195 | |
| Enter build submenu | 79 | |
| Enter hero's abilities submenu | 18 | |
| Give item / drop item | 12 | |
| Remove unit from queue | 12 | |
| Right click | 2504 | |
| Select / deselect | 705 | |
| Select group hotkey | 1031 | |
| Use ability | 409 | |
5022 total
» units
| Peasant | 22 | |
| Mortar Team | 10 | |
| Priest | -7 | |
| Troll Batrider | 22 | |
| Sorceress | 4 | |
| Gryphon Rider | 20 | |
71 total
» upgrades
| Masonry | 2 | |
| Gunpowder | 3 | |
| Lumber Harvesting | 2 | |
| Flare | 1 | |
| Magic Sentry | 1 | |
| Fragmentation Shards | 1 | |
| Armor | 6 | |
| Ranged Weapons | 3 | |
| Sorceress Training | 1 | |
| Liquid Fire | 1 | |
| Reinforced Defenses | 1 | |
| Storm Hammers | 1 | |
| Swords | 3 | |
| Plating | 1 | |
27 total
» buildings
| Altar of Kings | 1 | |
| Farm | 8 | |
| Lumber Mill | 1 | |
| Scout Tower | 71 | |
| Guard Tower | 21 | |
| Arcane Tower | 1 | |
| Keep | 1 | |
| Blacksmith | 1 | |
| Town Hall | 4 | |
| Workshop | 3 | |
| Arcane Sanctum | 1 | |
| Castle | 1 | |
| Great Hall | 1 | |
| Watch Tower | 50 | |
| Orc Burrow | 3 | |
| Fortress | 1 | |
| Arcane Vault | 1 | |
| Gryphon Aviary | 1 | |
171 total
» build order
00:06 Altar of Kings
00:11 Farm
00:52 Lumber Mill
00:56 Farm
01:04 Farm
01:06 Farm
01:29 Scout Tower
01:48 Scout Tower
01:54 Scout Tower
02:09 Guard Tower
02:33 Guard Tower
02:34 Farm
02:35 Scout Tower
02:58 Scout Tower
03:00 Scout Tower
03:03 Scout Tower
03:06 Scout Tower
03:11 Scout Tower
03:11 Scout Tower
03:19 Farm
03:19 Farm
03:39 Guard Tower
03:41 Guard Tower
03:55 Guard Tower
03:58 Arcane Tower
04:03 Scout Tower
04:39 Guard Tower
04:42 Keep
05:37 Guard Tower
05:44 Blacksmith
06:07 Scout Tower
06:09 Scout Tower
07:40 Town Hall
07:54 Scout Tower
08:07 Scout Tower
08:09 Scout Tower
08:35 Workshop
08:40 Farm
08:41 Guard Tower
08:44 Workshop
09:05 Guard Tower
09:07 Scout Tower
09:08 Scout Tower
10:02 Guard Tower
10:03 Scout Tower
10:04 Scout Tower
10:05 Scout Tower
10:06 Scout Tower
10:07 Scout Tower
10:56 Guard Tower
11:43 Arcane Sanctum
11:53 Scout Tower
11:54 Scout Tower
12:08 Scout Tower
12:10 Scout Tower
12:11 Scout Tower
12:12 Scout Tower
12:25 Guard Tower
13:25 Guard Tower
13:26 Scout Tower
13:28 Scout Tower
13:28 Scout Tower
14:12 Castle
14:24 Great Hall
14:31 Watch Tower
14:35 Watch Tower
14:36 Watch Tower
14:39 Watch Tower
14:44 Guard Tower
16:20 Guard Tower
16:33 Scout Tower
16:34 Scout Tower
16:35 Scout Tower
16:36 Scout Tower
16:37 Scout Tower
16:38 Scout Tower
16:39 Town Hall
16:48 Scout Tower
16:49 Scout Tower
16:51 Scout Tower
16:51 Scout Tower
16:53 Scout Tower
16:54 Scout Tower
17:05 Orc Burrow
17:09 Watch Tower
17:10 Watch Tower
17:11 Watch Tower
17:11 Watch Tower
17:12 Watch Tower
17:16 Orc Burrow
17:16 Orc Burrow
17:22 Fortress
18:59 Guard Tower
21:06 Arcane Vault
21:23 Town Hall
21:25 Scout Tower
21:25 Scout Tower
21:26 Scout Tower
21:26 Scout Tower
21:26 Scout Tower
21:26 Scout Tower
23:11 Scout Tower
23:12 Scout Tower
23:12 Scout Tower
23:14 Scout Tower
23:14 Scout Tower
23:16 Scout Tower
23:16 Scout Tower
23:41 Watch Tower
23:41 Watch Tower
23:42 Watch Tower
23:43 Watch Tower
23:44 Watch Tower
23:44 Watch Tower
23:45 Watch Tower
23:46 Watch Tower
23:46 Watch Tower
23:47 Watch Tower
23:48 Watch Tower
25:09 Guard Tower
25:16 Guard Tower
25:24 Gryphon Aviary
25:28 Workshop
27:09 Scout Tower
27:09 Scout Tower
27:10 Scout Tower
27:11 Scout Tower
27:11 Scout Tower
27:12 Scout Tower
27:13 Scout Tower
28:00 Guard Tower
30:55 Guard Tower
31:39 Town Hall
31:41 Scout Tower
31:42 Scout Tower
31:42 Scout Tower
31:43 Scout Tower
31:43 Scout Tower
31:44 Scout Tower
31:45 Scout Tower
35:58 Guard Tower
43:27 Watch Tower
43:27 Watch Tower
47:35 Watch Tower
47:36 Watch Tower
47:37 Watch Tower
47:37 Watch Tower
54:00 Watch Tower
54:00 Watch Tower
54:01 Watch Tower
56:08 Watch Tower
56:08 Watch Tower
56:09 Watch Tower
56:09 Watch Tower
56:09 Watch Tower
56:10 Watch Tower
56:10 Watch Tower
56:11 Watch Tower
56:12 Watch Tower
56:15 Watch Tower
56:15 Watch Tower
56:16 Watch Tower
56:16 Watch Tower
56:17 Watch Tower
56:17 Watch Tower
56:18 Watch Tower
56:18 Watch Tower
56:19 Watch Tower
56:19 Watch Tower
» items
| Healing Salve | 6 | |
| Lesser Clarity Potion | 4 | |
| Boots of Speed | 1 | |
| Staff of Teleportation | 1 | |
| Scroll of Town Portal | 7 | |
| Orb of Lightning | 1 | |
| Potion of Healing | 6 | |
| Staff of Sanctuary | 1 | |
| Scroll of Regeneration | 5 | |
| Mechanical Critter | 5 | |
| Potion of Mana | 1 | |
38 total
team 2 (loser)
ragnut (
yellow | 25 APM | 1503 actions | 60:58)
7 Far Seer
3 Feral Spirit
3 Chain Lighting
1 Earth Quake
2 Shadow Hunter
1 Hex
1 Healing Wave
» actions
| Basic commands | 3 | |
| Build / train | 130 | |
| Enter build submenu | 49 | |
| Enter hero's abilities submenu | 9 | |
| Give item / drop item | 1 | |
| Right click | 568 | |
| Select / deselect | 549 | |
| Use ability | 194 | |
1503 total
» units
| Peon | 17 | |
| Grunt | 8 | |
| Spirit Walker | 4 | |
| Demolisher | 21 | |
| Troll Witch Doctor | 7 | |
| Tauren | 5 | |
| Shaman | 3 | |
| Troll Headhunter/Berserker | 3 | |
| Troll Batrider | 7 | |
| Wind Rider | 7 | |
| Raider | 1 | |
83 total
» upgrades
| Pillage | 1 | |
| Spirit Walker Training | 2 | |
| Pulverize | 1 | |
| Witch Doctor Training | 2 | |
| Shaman Training | 2 | |
| Burning Oil | 1 | |
| Melee Weapons | 2 | |
| Armor | 1 | |
| Spiked Barricades | 1 | |
| Reinforced Defenses | 1 | |
14 total
» buildings
| Altar of Storms | 2 | |
| Orc Burrow | 15 | |
| Barracks | 3 | |
| Stronghold | 2 | |
| War Mill | 2 | |
| Fortress | 1 | |
| Great Hall | 3 | |
| Watch Tower | 14 | |
| Spirit Lodge | 3 | |
| Tauren Totem | 2 | |
| Beastiary | 1 | |
| Voodoo Lounge | 1 | |
49 total
» build order
00:13 Altar of Storms
00:33 Orc Burrow
00:53 Barracks
01:44 Orc Burrow
02:15 Barracks
04:09 Stronghold
04:15 Orc Burrow
04:44 War Mill
06:36 Fortress
07:24 Great Hall
07:36 Watch Tower
07:39 Watch Tower
07:58 Watch Tower
08:23 Spirit Lodge
09:36 Tauren Totem
09:43 Tauren Totem
12:44 Orc Burrow
14:45 Orc Burrow
17:49 Spirit Lodge
18:58 Orc Burrow
20:55 Great Hall
28:30 Watch Tower
28:33 Watch Tower
28:37 Watch Tower
28:45 Watch Tower
28:59 Great Hall
29:10 Watch Tower
31:00 Watch Tower
31:08 Watch Tower
35:38 Stronghold
35:44 Watch Tower
36:46 Orc Burrow
37:02 Orc Burrow
37:31 Orc Burrow
37:36 Altar of Storms
38:11 Orc Burrow
38:18 Barracks
38:44 Spirit Lodge
38:54 War Mill
39:02 Beastiary
39:18 Orc Burrow
40:10 Voodoo Lounge
44:20 Orc Burrow
44:24 Watch Tower
44:29 Watch Tower
45:06 Orc Burrow
45:31 Orc Burrow
46:24 Watch Tower
49:04 Orc Burrow
» items
| Potion of Lesser Invulnerability | 4 | |
| Scroll of Town Portal | 4 | |
| Scroll of Healing | 2 | |
| Staff of Teleportation | 2 | |
| Potion of Invisibility | 5 | |
| Boots of Speed | 1 | |
| Potion of Mana | 1 | |
19 total
Skull-Squadron (
orange | 33 APM | 2041 actions | 62:32)
5 Shadow Hunter
2 Serpent Ward
3 Healing Wave
1 Blademaster
1 Wind Walk
» actions
| Assign group hotkey | 108 | |
| Basic commands | 221 | |
| Build / train | 111 | |
| Enter build submenu | 59 | |
| Enter hero's abilities submenu | 6 | |
| Right click | 4 | |
| Select / deselect | 578 | |
| Select group hotkey | 724 | |
| Use ability | 230 | |
2041 total
» units
| Peon | 34 | |
| Grunt | 7 | |
| Troll Headhunter/Berserker | 4 | |
| Troll Batrider | 13 | |
| Raider | 6 | |
| Demolisher | 7 | |
| Wind Rider | 4 | |
| Troll Witch Doctor | 5 | |
| Kodo Beast | 1 | |
81 total
» upgrades
| Pillage | 1 | |
| Armor | 2 | |
| Ranged Weapons | 2 | |
| Spiked Barricades | 1 | |
| Troll Regeneration | 1 | |
| Ensnare | 1 | |
| Liquid Fire | 1 | |
| Burning Oil | 1 | |
| Envenomed Spears | 1 | |
| Berserker Upgrade | 1 | |
| Reinforced Defenses | 1 | |
| Witch Doctor Training | 1 | |
| Melee Weapons | 1 | |
15 total
» buildings
| Barracks | 1 | |
| Orc Burrow | 8 | |
| Altar of Storms | 1 | |
| Voodoo Lounge | 1 | |
| War Mill | 6 | |
| Watch Tower | 30 | |
| Stronghold | 1 | |
| Beastiary | 3 | |
| Great Hall | 6 | |
| Fortress | 1 | |
| Spirit Lodge | 1 | |
59 total
» build order
00:55 Barracks
00:59 Orc Burrow
01:10 Altar of Storms
01:28 Orc Burrow
02:22 Voodoo Lounge
02:37 War Mill
04:06 Watch Tower
04:18 Orc Burrow
05:32 Stronghold
05:39 Watch Tower
06:12 Orc Burrow
07:30 Watch Tower
07:32 Watch Tower
07:58 Beastiary
08:02 Beastiary
08:56 Orc Burrow
08:59 Orc Burrow
11:12 Great Hall
12:47 Fortress
20:58 Beastiary
25:35 Great Hall
27:04 Watch Tower
28:43 Watch Tower
29:15 Watch Tower
30:50 Watch Tower
31:10 Watch Tower
31:21 Spirit Lodge
32:43 Watch Tower
32:53 Watch Tower
33:21 Watch Tower
34:36 Watch Tower
34:37 Watch Tower
34:38 Watch Tower
34:39 Watch Tower
34:41 Watch Tower
40:11 Watch Tower
41:06 Great Hall
41:30 Watch Tower
42:21 Watch Tower
42:38 Watch Tower
43:09 War Mill
44:09 Watch Tower
44:22 Watch Tower
47:12 Watch Tower
47:47 Watch Tower
48:10 War Mill
48:32 Watch Tower
48:56 Orc Burrow
49:28 Watch Tower
49:31 Watch Tower
49:53 Watch Tower
50:28 War Mill
51:29 Watch Tower
53:37 Great Hall
55:39 Great Hall
56:48 Great Hall
58:50 War Mill
60:01 War Mill
60:11 Orc Burrow
» items
| Circlet of Nobility | 1 | |
| Healing Salve | 2 | |
| Lesser Clarity Potion | 1 | |
| Orb of Lightning | 1 | |
5 total
Chat log
(00:45 / All) dirtmcwordup: gl hf!!!!!
(27:55 / All) Skull-Squadron: what a boring game
(28:05 / All) HIGHPERCH: did you know i've played you before
(54:19 / All) Skull-Squadron: you are so fucking boring
(54:28 / All) HIGHPERCH: at least i'm good
(54:50 / All) Skull-Squadron: no just boring
(54:58 / All) HIGHPERCH: who's winning bitch
(55:23 / All) Skull-Squadron: I'm fucking you mother and just watching screen you prostitutes son
(57:05 / All) Skull-Squadron: no
(59:28 / All) HIGHPERCH: GG
(59:53 / All) HIGHPERCH: you mega noobs can leave now
(60:55 / All) HIGHPERCH: bye
(61:44 / All) HIGHPERCH: kablam
(61:46 / All) HIGHPERCH: KABLAM